 Dungeon Crawl Stone Soup version 0.30-a0-800-g7c544603b3 (webtiles) character file.

Game seed: 2365317089739386040

33528 Orangeyouglad the Immaculate (level 14, -3/108 HPs)
             Began as a Human Ice Elementalist on Feb 22, 2023.
             Was a High Priest of Zin.
             Killed from afar by a will-o-the-wisp (17 damage)
             ... with a foxfire
             ... on level 5 of the Lair of Beasts.
             The game lasted 00:55:04 (17794 turns).

Orangeyouglad the Immaculate (HuIE)                Turns: 17794, Time: 00:55:05

Health: -3/108     AC: 13    Str: 10    XL:     14   Next: 8%
Magic:  16/31      EV: 21    Int: 20    God:    Zin [*****.]
Gold:   508        SH:  5    Dex: 15    Spells: 8/23 levels left

rFire   . . .      SeeInvis .    n - +3 dagger (venom)
rCold   . . .      Faith    .    (no shield)
rNeg    . . .      Spirit   .    b - +2 leather armour of Failure {MP+9 Str+2}
rPois   .          Reflect  +    r - +0 helmet
rElec   .          Harm     .    Q - +0 cloak
rCorr   .          Rampage  .    l - +0 pair of gloves
Will    +....                    (no boots)
Stlth   +++                      L - amulet of reflection
HPRegen 0.38/turn                c - +5 ring of evasion
MPRegen 0.22/turn                B - +4 ring of protection

@: freezing walls
A: no striking features
a: Renounce Religion, Recite, Vitalisation, Imprison, Sanctuary, Donate Gold


You were on level 5 of the Lair of Beasts.
You worshipped Zin.
Zin was extremely pleased with you.
You visited 3 branches of the dungeon, and saw 16 of its levels.
You also visited: Ossuary.

You collected 902 gold pieces.
You spent 33 gold pieces at shops.
You donated 361 gold pieces to Zin.

Inventory:

Hand Weapons
 n - a +3 dagger of venom (weapon)
 V - a +2 heavy shortbow
Missiles
 k - 3 curare-tipped darts
 F - 39 poisoned darts (quivered)
 G - 2 boomerangs of dispersal
Armour
 a - a +2 kite shield
 b - the +2 leather armour of Failure (worn) {MP+9 Str+2}
   (You found it on level 4 of the Dungeon)

   Str:       It affects your strength (+2).
   MP:        It affects your magic capacity (+9).
 l - a +0 pair of gloves (worn)
 r - a +0 helmet (worn)
 Q - a +0 cloak (worn)
Magical Staves
 i - a staff of air
Jewellery
 c - a +5 ring of evasion (left hand)
 u - an amulet of faith
 A - a ring of protection from cold
 B - a +4 ring of protection (right hand)
 C - a ring of wizardry
 L - an amulet of reflection (around neck)
 N - a +6 ring of intelligence
 O - a ring of poison resistance
 P - a +5 ring of evasion
 R - an amulet of the acrobat
 W - a +5 ring of evasion
Wands
 w - a wand of acid (23)
 z - a wand of flame (14)
 Z - a wand of roots (3)
Scrolls
 f - a scroll of enchant weapon
 g - 3 scrolls of teleportation
 h - 3 scrolls of poison {unknown}
 j - a scroll of torment {unknown}
 m - 5 scrolls of fear
 o - 3 scrolls of butterflies
 s - 5 scrolls of fog
 t - 3 scrolls of blinking
 v - 4 scrolls of amnesia
 y - a scroll of immolation {unknown}
 E - a scroll of brand weapon {unknown}
 K - 3 scrolls of vulnerability {unknown}
 S - 3 scrolls of magic mapping
 X - a scroll of silence {unknown}
Potions
 d - 6 potions of flight
 e - 5 potions of attraction
 p - 4 potions of cancellation
 q - 3 potions of curing
 x - 3 potions of mutation
 D - 5 potions of brilliance
 H - a potion of resistance
 I - a potion of might {unknown}
 J - 2 potions of ambrosia {unknown}
 M - a potion of berserk rage {unknown}
 T - 2 potions of lignification {unknown}
 U - a potion of heal wounds {unknown}
 Y - 3 potions of invisibility {unknown}


   Skills:
 + Level 9.6 Fighting
 - Level 5.0 Armour
 + Level 9.7 Dodging
 - Level 5.1 Stealth
 - Level 5.0 Spellcasting
 + Level 7.1 Summonings
 + Level 9.2 Ice Magic
 - Level 5.0 Earth Magic
 + Level 10.9 Invocations
 - Level 7.0 Evocations


You had 8 spell levels left.
You knew the following spells:

 Your Spells              Type           Power      Damage    Failure   Level
a - Freeze                Ice            100%       1d10      1%          1
b - Frozen Ramparts       Ice            84%        1d13      1%          3
c - Summon Ice Beast      Ice/Summ       37%        N/A       5%          4
d - Ozocubu's Armour      Ice            42%        N/A       1%          3
e - Animate Armour        Summ/Erth      58%        N/A       13%         4

Your spell library contained the following spells:

 Spells                   Type           Power      Damage    Failure   Level
 Sandblast                Erth           50%        2d12      1%          1
 Call Imp                 Summ           33%        N/A       1%          2
 Passwall                 Tmut/Erth      12%        N/A       9%          2
 Kiss of Death            Conj/Necr      20%        2d7       16%         1
 Magic Dart               Conj           20%        1d4       16%         1
 Slow                     Hex            20%        N/A       16%         1
 Stone Arrow              Conj/Erth      30%        3d8       16%         3
 Lesser Beckoning         Tloc           10%        N/A       22%         2
 Ice Form                 Ice/Tmut       23%        N/A       22%         4
 Confusing Touch          Hex            5%         N/A       41%         3
 Gell's Gravitas          Tloc           5%         N/A       41%         3
 Mephitic Cloud           Conj/Pois/Air  5%         N/A       41%         3
 Portal Projectile        Hex/Tloc       10%        N/A       41%         3
 Teleport Other           Tloc           5%         N/A       41%         3
 Tukima's Dance           Hex            5%         N/A       41%         3
 Vampiric Draining        Necr           5%         2d6       41%         3
 Dispel Undead            Necr           5%         3d7       83%         4
 Blade Hands              Tmut           2%         N/A       99%         5
 Lehudib's Crystal Spear  Conj/Erth      7%         10d3      100%        8


Dungeon Overview and Level Annotations

Branches:
Dungeon (10/15)            Temple (1/1) D:5            Lair (5/5) D:10
 Shoals (0/4) Lair:3        Snake (0/4) Lair:2      Ossuary (visited)
  Slime: Lair:4-5       Orc: D:9-12

Altars:
Ashenzari
Cheibriados
Dithmenos
Elyvilon
Fedhas
Gozag
Hepliaklqana
Kikubaaqudgha
Makhleb
Nemelex Xobeh
Okawaru
Qazlal
Ru
Sif Muna
Trog
Uskayaw
Vehumet
Wu Jian
Xom
Yredelemnul
Zin
The Shining One

Shops:
D:3 !

Annotations:
Lair:2 exclusion: oklob plant
Lair:3 Nessos


Message History

The foxfire dissipates!
A foxfire comes into view.
Casting: Freeze (safe; 1% risk of failure)
Confirm with . or Enter, or press ? or * to list all spells.
Aiming: Freeze (safe; 1% risk of failure)
Press: ? - help, Shift-Dir - straight line, f/p - will-o-the-wisp
Aim: a will-o-the-wisp (severely damaged)
You freeze the will-o-the-wisp.
The will-o-the-wisp resists.
The will-o-the-wisp is almost destroyed.
A foxfire comes into view.
The wall freezes the foxfire. x2; The will-o-the-wisp resists.
The wall freezes the will-o-the-wisp.
The will-o-the-wisp engulfs you but does no damage.
Casting: Freeze (safe; 1% risk of failure)
Confirm with . or Enter, or press ? or * to list all spells.
Aiming: Freeze (safe; 1% risk of failure)
Press: ? - help, Shift-Dir - straight line, f/p - will-o-the-wisp
Aim: a will-o-the-wisp (almost destroyed)
You freeze the will-o-the-wisp.
The will-o-the-wisp resists.
The will-o-the-wisp is almost destroyed.
The frozen ramparts melt away.
The will-o-the-wisp blinks!
Your icy armour will break if you move.
Continue?
Okay, then.
Your icy armour will break if you move.
Continue?
Your icy armour cracks and falls away as you move.
The will-o-the-wisp blinks!
The will-o-the-wisp gestures.
The will-o-the-wisp conjures some foxfire! 2 foxfires come into view.
Casting: Freeze (safe; 1% risk of failure)
Confirm with . or Enter, or press ? or * to list all spells.
Casting: Frozen Ramparts (safe; 1% risk of failure)
Press: ? - help, Dir - look around, f - activate The walls around you are covered in ice.
The wall freezes the foxfire.
The foxfire hits you!!
* * * LOW HITPOINT WARNING * * *
The will-o-the-wisp gestures.
The will-o-the-wisp conjures some foxfire!
The wall freezes the foxfire.
The foxfire hits you!
You die...

....~≈≈~~~~....# ###....
....~≈≈≈.≈....P# #.#...#
....~≈≈~..P..P.# #†)..P#
....(≈≈~..v.~~~##
#....##
.....(≈≈~vv~~≈.~###..###
#..~≈≈≈§~~~....#...#
##$.~~§.~......#..##
###.v#.#........##
##.@###.P...##.# #.###
##..### ## ## ####


You could see a will-o-the-wisp.

Vanquished Creatures
  A two-headed ogre (D:8)
  Sonja (Lair:5)
  A skyshark (Lair:4)
  A swamp dragon (Lair:5)
  A salamander (Lair:2)
  A cyclops (D:10)
  9 elephants
  2 black mambas
  4 cane toads
  2 rime drakes
  2 unseen horrors
  7 komodo dragons
  A troll (D:10)
  4 polar bears
  A hornet (D:9)
  24 blink frogs
  5 dream sheep (Lair:4)
  A shadow (D:9)
  2 fire bats (Lair:2)
  29 yaks
  A vampire (D:8)
  2 wyverns
  A basilisk (Lair:2)
  2 steam dragons
  3 vampire mosquitoes (Lair:5)
  9 water moccasins
  An acid dragon (D:10)
  A sky beast (D:7)
  A swamp drake (Lair:5)
  5 ice beasts
  An orc warrior (D:8)
  A black bear (Lair:3)
  2 wolves (D:10)
  8 centaurs
  3 ogres
  4 kobold brigands
  10 bullfrogs
  A scorpion (D:6)
  6 water moccasin zombies (Ossuary)
  4 wights (D:9)
  20 killer bees
  A nameless horror (D:8)
  3 lava snakes (Lair:2)
  7 hounds
  2 orc priests
  3 jellies
  2 iguanas (D:6)
  7 gnolls
  3 adders
  An ufetubus (D:4)
  6 adder zombies (Ossuary)
  A worm (D:3)
  4 dart slugs
  18 orcs
  8 endoplasms
  3 giant cockroaches
  3 gnoll zombies (Ossuary)
  12 goblins
  10 hobgoblins
  33 kobolds
  5 quokkas
  9 ball pythons
  4 bats
  8 frilled lizards
  2 goblin zombies (D:7)
  A hobgoblin zombie (Ossuary)
  8 kobold zombies (Ossuary)
  4 orc zombies (Ossuary)
  2 rats (D:1)
355 creatures vanquished.

Vanquished Creatures (collateral kills)
  3 hydras
  4 elephants
  A black mamba (Lair:5)
  3 blink frogs (Lair:2)
  A yak (Lair:2)
  A basilisk (Lair:2)
  A sky beast (D:7)
  An orc warrior (D:9)
  A kobold brigand (D:8)
  4 wights (D:9)
  A nameless horror (D:10)
  An iguana (D:7)
  2 mummies (Ossuary)
  2 hobgoblin zombies (Ossuary)
26 creatures vanquished.

Vanquished Creatures (others)
  13 foxfires (Lair:5)
  16 fungi
  64 plants
93 creatures vanquished.

Grand Total: 474 creatures vanquished

Notes
Turn   | Place    | Note
-------+----------+-------------------------------------------
     0 | D:1      | Orangeyouglad the Human Ice Elementalist began the quest
                  | for the Orb.
     0 | D:1      | Reached XP level 1. HP: 13/13 MP: 3/3
   112 | D:1      | Reached XP level 2. HP: 15/19 MP: 1/5
   431 | D:1      | Reached XP level 3. HP: 24/24 MP: 0/6
   698 | D:1      | Learned a level 3 spell: Frozen Ramparts
  1160 | D:2      | Reached XP level 4. HP: 30/30 MP: 5/7
  1743 | D:3      | Found a faded altar of an unknown god.
  1888 | D:3      | Learned a level 2 spell: Call Imp
  1903 | D:3      | Noticed an ogre
  1914 | D:3      | Killed an ogre
  1915 | D:3      | Reached XP level 5. HP: 35/35 MP: 0/9
  2499 | D:3      | Reached XP level 6. HP: 26/41 MP: 2/10
  2592 | D:3      | Found Joelah's Distillery.
  2597 | D:3      | Learned a level 3 spell: Ozocubu's Armour
  2602 | D:3      | Bought a potion of curing for 33 gold pieces
  2743 | D:4      | Reached skill level 5 in Ice Magic
  3075 | D:4      | Reached skill level 1 in Summonings
  3478 | D:4      | Identified the +2 leather armour of Failure {MP+9 Str+2}
  3762 | D:5      | Entered Level 5 of the Dungeon
  3778 | D:5      | Reached XP level 7. HP: 46/46 MP: 11/11
  3785 | D:5      | Found a staircase to the Ecumenical Temple.
  4374 | Temple   | Entered the Ecumenical Temple
  4558 | Temple   | Became a worshipper of Zin the Law-Giver
  4558 | Temple   | Reached * piety under Zin
  4812 | D:6      | Learned a level 4 spell: Summon Ice Beast
  5002 | D:6      | Reached ** piety under Zin
  5161 | D:6      | Reached XP level 8. HP: 45/52 MP: 12/12
  5271 | D:6      | Reached skill level 5 in Stealth
  5271 | D:6      | Reached skill level 1 in Invocations
  5386 | D:7      | Found a flagged portal.
  5410 | D:7      | Reached skill level 2 in Invocations
  5411 | D:7      | Reached skill level 5 in Dodging
  5441 | D:7      | Found a sand-covered staircase.
  5448 | Ossuary  | Entered an ossuary
  5673 | Ossuary  | Reached skill level 1 in Fighting
  5673 | Ossuary  | Reached skill level 3 in Invocations
  5673 | Ossuary  | Reached XP level 9. HP: 51/59 MP: 13/13
  5925 | D:7      | Reached *** piety under Zin
  6045 | D:7      | You fall into a shaft and drop 2 floors!
  6262 | D:8      | Killed an unseen horror
  6263 | D:8      | Reached skill level 4 in Invocations
  6336 | D:8      | Noticed a two-headed ogre
  6584 | D:7      | Reached skill level 5 in Summonings
  7408 | D:8      | Reached XP level 10. HP: 70/70 MP: 14/14
  7596 | D:8      | Reached skill level 5 in Invocations
  7722 | D:8      | Reached **** piety under Zin
  8148 | D:8      | Found a burning altar of Makhleb.
  8148 | D:8      | Noticed an Executioner
  8151 | D:8      | Noticed an orange demon
  8183 | D:8      | Killed a two-headed ogre
  8184 | D:8      | Reached skill level 6 in Invocations
  8770 | D:9      | Reached skill level 5 in Fighting
  8778 | D:9      | Reached XP level 11. HP: 80/80 MP: 16/16
  9740 | D:9      | Reached skill level 7 in Invocations
  9779 | D:10     | Entered Level 10 of the Dungeon
  9870 | D:10     | Reached skill level 1 in Armour
 10097 | D:10     | Found a staircase to the Lair.
 10471 | D:10     | Noticed a cyclops
 10486 | D:10     | Killed a cyclops
 10487 | D:10     | Reached skill level 1 in Evocations
 10537 | D:10     | Reached ***** piety under Zin
 10711 | D:10     | Reached skill level 5 in Spellcasting
 10730 | D:10     | Reached skill level 8 in Invocations
 10736 | D:10     | Reached XP level 12. HP: 67/89 MP: 7/19
 11259 | Lair:1   | Entered Level 1 of the Lair of Beasts
 11346 | Lair:1   | Donated 275 gold pieces to Zin
 11809 | Lair:1   | Learned a level 4 spell: Animate Armour
 12194 | Lair:2   | Reached skill level 1 in Earth Magic
 12611 | Lair:2   | Reached skill level 9 in Invocations
 12743 | Lair:2   | Reached skill level 5 in Armour
 13210 | Lair:2   | Reached skill level 5 in Evocations
 13414 | Lair:2   | Found a staircase to the Snake Pit.
 13637 | Lair:3   | You fall into a shaft and drop 1 floor!
 13637 | Lair:4   | Noticed a seven-headed hydra
 13645 | Lair:4   | Reached XP level 13. HP: 82/98 MP: 19/20
 14271 | Lair:3   | Found a staircase to the Shoals.
 14271 | Lair:3   | Noticed Nessos
 15525 | Lair:4   | Reached skill level 10 in Invocations
 15770 | Lair:4   | Reached skill level 5 in Earth Magic
 16630 | Lair:4   | Killed a seven-headed hydra
 16867 | Lair:5   | Entered Level 5 of the Lair of Beasts
 17129 | Lair:5   | Noticed an eight-headed hydra
 17156 | Lair:5   | Killed an eight-headed hydra
 17456 | Lair:5   | Noticed a four-headed hydra
 17477 | Lair:5   | Killed a four-headed hydra
 17478 | Lair:5   | Reached XP level 14. HP: 63/108 MP: 16/22
 17627 | Lair:5   | Noticed Sonja
 17643 | Lair:5   | Killed Sonja
 17794 | Lair:5   | Killed from afar by a will-o-the-wisp

Illustrated notes

Levels and vault maps discovered:
D:1:      giann_horns, layout_loops_ring, minivault_25
D:2:      layout_basic
D:3:      layout_loops_ring, serial_shops,
          nicolae_shop_temple_entry_statues_fountains,
          hellmonk_ecumenical_altar_slurped_away
D:4:      layout_rooms, grunt_ministairs_6, minmay_misc_feat_pillars,
          serial_bayou_lagoon_a, minivault_5
D:5:      layout_basic, minmay_temple_entry_trees
D:6:      hellmonk_crumbling_castle, layout_cave_pods
D:7:      layout_rooms, enter_ossuary_4, enter_bailey_3
D:8:      layout_basic, makhleb_altar_promises_db
D:9:      layout_roguey
D:10:     layout_loops_ring, hellmonk_lair_entry_icy
Temple:   kilobyte_greek_temple
Lair:1:   layout_misc_corridors, serial_rivers, chequers_serial_rivers_large_a,
          chequers_serial_rivers_micro_b, chequers_serial_rivers_micro_a,
          chequers_serial_rivers_micro_a
Lair:2:   minmay_lair_oklob_chamber, layout_gridlike,
          nicolae_snake_entry_warm_welcome, chequers_serial_rivers_micro_c
Lair:3:   layout_roguey, minmay_shoals_entry_centaurs, uniq_nessos
Lair:4:   hellmonk_destroyed_diamonds, layout_misc_corridors
Lair:5:   wormcave, layout_gridlike, hangedman_lair_in_review,
          minmay_slime_entry_pillars, pond, uniq_sonja

Skill      XL: |  1  2  3  4  5  6  7  8  9 10 11 12 13 |
---------------+----------------------------------------+-----
Dodging        | 3 4 5 6 7 8 9 |  9.7
Stealth        | 3 4 5 |  5.1
Spellcasting   | 3 5 |  5.0
Ice Magic      | 5 6 7 8 9 |  9.2
Summonings     | 1 2 3 5 6 7 |  7.1
Invocations    | 3 4 6 8 9 10 | 10.9
Fighting       | 1 3 5 6 8 9 |  9.6
Armour         | 3 5 |  5.0
Evocations     | 2 5 7 |  7.0
Earth Magic    | 3 5 |  5.0

Action                     |  1- 3 |  4- 6 |  7- 9 | 10-12 | 13-15 || total
---------------------------+-------+-------+-------+-------+-------++-------
  Melee: Unarmed           |     9 |       |       |       |       ||     9
         Short sword       |     5 |       |       |       |       ||     5
         Dagger            |    19 |    41 |   145 |   199 |   146 ||   550
         Quarterstaff      |     4 |       |   162 |    11 |       ||   177
         Punch             |       |       |     5 |     4 |     2 ||    11
  Throw: Dart              |       |       |       |     7 |     4 ||    11
   Cast: Freeze            |    47 |    55 |    44 |     6 |     9 ||   161
         Frozen Ramparts   |       |     5 |     9 |    64 |    40 ||   118
         Ozocubu's Armour  |       |     1 |    14 |    42 |    32 ||    89
         Summon Ice Beast  |       |       |     5 |    19 |     9 ||    33
         Animate Armour    |       |       |       |       |     4 ||     4
 Invoke: Recite            |       |       |     1 |     6 |       ||     7
         Donate Gold       |       |       |       |     1 |       ||     1
         Vitalisation      |       |       |       |       |     1 ||     1
  Evoke: Wand              |       |       |     6 |    16 |     3 ||    25
    Use: Potion            |     1 |       |     2 |       |     1 ||     4
         Scroll            |       |     4 |    11 |     6 |     1 ||    22
   Stab: Sleeping          |     2 |     4 |    10 |     4 |     2 ||    22
 Armour: Robe              |    11 |    10 |       |       |       ||    21
         Leather armour    |       |       |   164 |   142 |   172 ||   478
  Dodge: Dodged            |    63 |    76 |   444 |   544 |   477 ||  1604
  Block: Other             |       |       |       |   127 |   120 ||   247
         Reflection        |       |       |       |     1 |     5 ||     6

Table legend: (Time is in decaauts)
 A = Elapsed time spent in this place.
 B = Non-inter-level travel time spent in this place.
 C = Inter-level travel time spent in this place.
 D = Time resting spent in this place.
 E = Time spent auto-exploring this place.
 F = Levels seen in this place.
 G = Mean time per level.
                   A        B        C        D        E       F      G
               +--------+--------+--------+--------+--------+-----+--------+
         Total |  17896 |  16995 |    901 |   3969 |   7575 |  17 | 1052.7 |
       Dungeon |  10602 |   9888 |    714 |   1882 |   4795 |  10 | 1060.2 |
        Temple |    226 |    192 |     34 |      0 |    143 |   1 |  226.0 |
          Lair |   6553 |   6400 |    153 |   1983 |   2636 |   5 | 1310.6 |
       Ossuary |    514 |    514 |      0 |    104 |      0 |   1 |  514.0 |
               +--------+--------+--------+--------+--------+-----+--------+

Top non-repeatable levels by time:
     D:8: 1984 daAuts
  Lair:3: 1793 daAuts
  Lair:4: 1652 daAuts
  Lair:2: 1533 daAuts
     D:9: 1372 daAuts
     D:4: 1326 daAuts
    D:10: 1225 daAuts
     D:3: 1078 daAuts
     D:1: 931 daAuts
  Lair:1: 849 daAuts
     D:2: 745 daAuts
  Lair:5: 724 daAuts
     D:7: 718 daAuts
     D:6: 668 daAuts
     D:5: 551 daAuts
